Map: Orbital Shipyard

Players

socks

  • Race: Zerg Zerg
  • League: Gold

Fiend - Winner!

  • Race: Terran Terran
  • League: Platinum

VOD

Have the link to the VOD?

Description

Time

  • Played on: March 27, 2016, 2:35 p.m.
  • Length: 12:55
Show
View Real Time Build Order
Export as new Build Order

socks Zerg 

Build Orders: Hatch First, Muta Ling Bane 

Get SALT Encoding   

  12  0:01  Drone  
  13  0:12  Overlord  
  13  0:19  Drone  
  14  0:32  Drone x2  
  16  0:52  Hatchery  
  16  0:56  Drone  
  16  1:10  Spawning Pool  
  15  1:13  Drone  
  16  1:19  Drone  
  16  1:20  Drone  
  16  1:25  Drone  
  19  1:32  Extractor  
  18  1:37  Extractor  
  18  1:45  Drone  
  19  1:48  Extractor  
  18  1:59  Queen  
  20  2:12  Hatchery  
  20  2:15  Zergling x2  
  20  2:18  Drone x4  
  24  2:26  Queen  
  26  2:30  Drone  
  26  2:49  Overlord  
  26  3:01  Drone  
  26  3:02  Overlord  
  27  3:07  Queen  
  27  3:09  Metabolic Boost  
  29  3:14  Drone x3  
  29  3:15  Overlord  
  32  3:47  Drone x7  
  32  3:48  Queen, Drone x3  
  44  4:01  Lair  
  44  4:10  Extractor  
  44  4:12  Extractor  
  44  4:14  Roach Warren  
  41  4:26  Overlord x2  
  41  4:29  Drone x4  
  45  4:36  Spore Crawler  
  44  4:52  Drone x7  
  51  4:53  Drone x4  
  51  4:59  Extractor  
  54  5:17  Spine Crawler, Glial Reconstitution  
  54  5:19  Roach x5  
  63  5:23  Extractor  
  63  5:24  Drone x6  
  63  5:25  Extractor  
  67  5:34  Spine Crawler  
  66  5:51  Ravager x2  
  66  5:54  Drone x4  
  66  5:55  Drone  
  73  6:12  Overlord  
  73  6:13  Overlord x2  
  73  6:28  Spire  
  73  6:31  Drone x4  
  73  6:32  Drone x6  
  82  6:37  Baneling Nest, Overlord x2  
  82  6:38  Zergling x6  
  84  6:42  Baneling Nest  
  84  6:45  Ravager  
  84  6:46  Ravager  
  85  6:51  Spine Crawler  
  84  6:57  Spine Crawler  
  78  7:10  Zergling x10  
  78  7:11  Zergling x10  
  77  7:20  Zergling x12  
  84  7:24  Spine Crawler  
  84  7:25  Roach x2  
  76  7:46  Mutalisk x6  
  81  7:57  Zergling x6  
  81  7:58  Zergling x10  
  83  8:02  Baneling x4  
  83  8:03  Centrifical Hooks  
  80  8:07  Zergling x10  
  74  8:22  Zergling x4  
  68  8:35  Zergling x4  
  68  8:36  Zergling x6  
  68  8:39  Burrow  
  72  8:41  Mutalisk  
  72  8:42  Mutalisk x3  
  80  8:48  Hatchery  
  80  8:49  Baneling x2  
  79  8:59  Drone x2  
  81  9:13  Hatchery  
  80  9:24  Zergling x10  
  80  9:25  Zergling x8  
  89  9:31  Infestation Pit  
  89  9:35  Evolution Chamber  
  89  9:36  Evolution Chamber  
  89  9:37  Baneling x4  
  86  9:44  Drone x2  
  86  9:45  Drone x5  
  94  10:00  Extractor, Drone x2  
  94  10:02  Queen  
  96  10:14  Hive  
  96  10:18  Zerg Flyer Armor Level 1  
  96  10:23  Overlord x2  
  96  10:25  Zergling x6  
  99  10:37  Baneling x5  
  99  10:43  Drone x9  
  99  10:44  Queen, Drone x2  
  99  10:48  Pathogen Glands  
  112  10:58  Zerg Melee Weapons Level 1  
  112  10:59  Zerg Ground Armor Level 1  
  112  11:00  Infestor  
  112  11:01  Corruptor x3  
  120  11:10  Baneling x5  
  120  11:40  Hatchery  
  119  11:50  Baneling  
  119  11:51  Baneling x8  
  119  12:05  Zergling x16  
  119  12:06  Zergling x12  
Show
View Real Time Build Order
Export as new Build Order

Fiend Terran - Winner!

Build Orders: Reaper Expand, MMM Bio 

Get SALT Encoding   

  12  0:00  SCV  
  13  0:12  SCV  
  14  0:17  Supply Depot  
  14  0:25  SCV  
  15  0:33  Refinery  
  15  0:39  SCV  
  16  0:45  Barracks  
  16  0:51  SCV  
  17  1:03  SCV  
  18  1:15  SCV  
  19  1:32  Orbital Command  
  19  1:35  Reaper  
  20  1:44  Command Center  
  20  1:58  SCV  
  20  1:59  Factory  
  21  2:10  SCV, Refinery  
  22  2:18  Marine  
  22  2:21  Supply Depot  
  23  2:24  Supply Depot  
  23  2:45  SCV  
  23  2:47  Barracks Reactor  
  24  2:54  Factory Tech Lab, Starport  
  24  2:57  SCV, Orbital Command  
  25  3:12  SCV  
  26  3:14  Barracks  
  26  3:19  Siege Tank  
  29  3:23  Marine x2  
  29  3:24  SCV  
  32  3:31  SCV  
  33  3:36  SCV  
  34  3:43  SCV, Marine x2  
  37  3:51  Siege Tank  
  37  3:54  Medivac  
  43  3:55  SCV  
  43  3:56  Refinery  
  43  3:59  Supply Depot  
  43  4:02  SCV, Supply Depot  
  44  4:04  Marine  
  44  4:06  Barracks Tech Lab  
  45  4:13  Barracks  
  45  4:15  SCV  
  46  4:21  SCV  
  46  4:22  Marine x2  
  49  4:27  Stimpack  
  49  4:28  SCV  
  49  4:30  Marine  
  51  4:32  Widow Mine  
  51  4:34  SCV  
  54  4:40  Marine  
  54  4:43  SCV  
  54  4:44  Engineering Bay  
  56  4:48  SCV  
  56  4:49  Engineering Bay  
  56  4:51  Marine  
  56  4:52  Marine  
  59  4:55  SCV  
  60  5:01  Barracks Reactor  
  60  5:14  SCV x2, Command Center  
  62  5:30  Supply Depot x2  
  62  5:49  Terran Infantry Weapons Level 1  
  62  5:50  Terran Infantry Armor Level 1  
  62  5:51  Marine x5  
  62  5:52  SCV x2, Siege Tank  
  62  5:54  Supply Depot  
  62  5:55  Starport Reactor  
  72  6:09  Marine x5  
  77  6:27  Marine x2  
  77  6:28  Marine  
  77  6:32  Marine x2  
  79  6:45  Marine, Barracks, Armory  
  79  6:47  Missile Turret, Barracks  
  80  6:49  Barracks  
  80  6:50  Missile Turret  
  80  6:54  Missile Turret  
  80  6:55  Refinery  
  80  6:57  Sensor Tower  
  71  7:12  Marine x5  
  71  7:13  Siege Tank  
  78  7:16  Combat Shields  
  78  7:21  Orbital Command  
  78  7:23  SCV x2  
  78  7:25  Missile Turret  
  78  7:29  Marine  
  78  7:32  Medivac  
  78  7:33  Medivac  
  78  7:35  Missile Turret  
  78  7:36  Marine x2  
  85  7:38  Barracks Reactor  
  85  7:39  Barracks Reactor  
  83  8:02  Medivac x2  
  83  8:04  Widow Mine  
  89  8:06  Marine x2  
  89  8:07  Marine x4  
  89  8:08  Terran Infantry Weapons Level 2  
  94  8:15  Marine x4  
  97  8:24  Marine x3  
  97  8:25  Marine  
  82  8:36  Marine  
  82  8:37  Marine x2  
  82  8:38  Marine x2  
  82  8:39  Liberator  
  82  8:41  Barracks Reactor  
  88  8:48  SCV x2  
  88  8:50  SCV  
  90  8:57  Medivac  
  90  9:00  SCV x2  
  90  9:01  Marine x4  
  101  9:02  Supply Depot  
  101  9:04  Supply Depot x2  
  101  9:12  Command Center  
  101  9:16  Starport  
  101  9:21  Marine, Factory  
  101  9:22  Liberator  
  101  9:24  SCV x3  
  101  9:26  Marine x3  
  101  9:27  Medivac  
  101  9:31  Marine x5  
  110  9:32  Marine  
  110  9:36  SCV  
  116  9:43  Sensor Tower, Supply Depot  
  119  9:46  Marine x5  
  119  9:47  SCV, Refinery  
  125  9:58  Starport Reactor  
  125  10:01  Drilling Claws  
  125  10:04  SCV, Siege Tank, Marine x4  
  125  10:05  Supply Depot  
  133  10:10  Liberator  
  133  10:17  Supply Depot  
  133  10:20  Refinery  
  133  10:21  Liberator  
  133  10:26  Terran Infantry Armor Level 2  
  133  10:27  SCV x2, Marine, Medivac  
  133  10:28  Supply Depot  
  141  10:32  Liberator  
  141  10:38  Marine x3  
  141  10:39  SCV, Marine  
  149  10:49  SCV x2, Missile Turret, Marine x3  
  157  10:55  Missile Turret  
  157  10:58  Factory Reactor  
  157  10:59  Missile Turret  
  157  11:08  Supply Depot  
  157  11:10  Supply Depot  
  157  11:13  Supply Depot  
  157  11:14  Liberator x2, Supply Depot  
  157  11:16  SCV, Marine x4  
  168  11:32  Medivac  
  168  11:33  Marine x4, Medivac  
  168  11:34  Marine x7  
  183  11:45  Liberator  
  183  11:49  Widow Mine x2  
  183  11:50  Command Center  
  183  11:51  Marine x3  
  186  12:31  Marine x7  
  186  12:32  Marine x2  
Tags
 
Add a new tag
Caveats
  • Supply blocks, unpowered buildings, or Contaminate may cause inaccurate times.
  • Supply counts are checked every 10 seconds.